AoeStats
← ska_18

QS Arena

503152195Analyzed
3v3 RM · 1mo ago on Aug 30, 2026· 37m 27s· 6 players
Game mode
Random Map
Map size
Normal (6 player)
Population
200
Speed
Normal
Resources
Standard
Victory
Conquest
Starting age
Dark Age
Ending age
Imperial Age
RankedLock teamsTeams togetherTeam positionsShared explorationLock speedFull tech treeHidden civsTurbo modeCheats
Victory
Defeat
🇦🇺 Spanish · Australia
1376
+4
🇦🇺 Bulgarians · Australia
1097
+13
🇺🇸 Portuguese · United States
1033
+16
🇩🇿 Hindustanis · Algeria
1065
-11
🇦🇹 Saracens · Austria
1051
-11
🇨🇳 Tupi · China
967
-8
opA_Force
2:14 Loom
8:37 Feudal Age
13:50 Castle Age
12:29 Horse Collar
13:12 Double-Bit Axe
15:12 Bow Saw
16:52 Heavy Plow
20:19 Stone Mining
20:22 Gold Mining
22:53 Fletching
23:50 Town Watch
27:03 Scale Mail Armor
27:13 Forging
28:45 Stone Shaft Mining
28:47 Gold Shaft Mining
28:30 Chain Mail Armor
30:12 Iron Casting
30:23 Coinage
30:42 Bodkin Arrow
31:11 Ballistics
32:02 Scale Barding Armor
33:19 Chain Barding Armor
33:50 Husbandry
34:02 Bloodlines
36:13 Murder Holes
36:28 Masonry
ska_18
8:10 Feudal Age
11:16 Loom
13:59 Castle Age
12:38 Horse Collar
13:32 Double-Bit Axe
18:37 Wheelbarrow
24:02 Imperial Age
22:37 Bow Saw
23:43 Town Watch
24:11 Forging
24:07 Scale Barding Armor
27:15 Scale Barding Armor
994327805
9:42 Feudal Age
16:00 Castle Age
13:52 Double-Bit Axe
13:49 Horse Collar
14:08 Gold Mining
14:32 Stone Mining
14:57 Fletching
15:51 Padded Archer Armor
17:51 Heavy Plow
18:41 Bodkin Arrow
19:03 Leather Archer Armor
19:07 Loom
25:56 Gold Shaft Mining
28:56 Imperial Age
31:27 Wheelbarrow
30:48 Elite Blackwood Archer
35:59 Curare
Nosjir
5:46 Loom
9:01 Feudal Age
7:27 Loom
12:56 Castle Age
12:34 Double-Bit Axe
17:23 Horse Collar
20:11 Heavy Plow
21:38 Fletching
24:53 Gold Mining
30:07 Imperial Age
29:46 Bodkin Arrow
33:07 Chemistry
32:14 Siege Engineers
35:21 Pikeman
Racro
1:33 Loom
8:53 Feudal Age
12:51 Castle Age
11:08 Double-Bit Axe
11:24 Loom
11:35 Horse Collar
13:40 Fletching
17:48 Bodkin Arrow
23:01 Wheelbarrow
23:17 Wheelbarrow
24:14 Wheelbarrow
33:52 Imperial Age
32:26 Gold Mining
33:39 Bow Saw
33:37 Heavy Plow
34:07 Padded Archer Armor
35:14 Bracer
36:23 Chemistry
35:31 Town Watch
36:05 Hand Cart
36:03 Capped Ram
38:07 Two-Man Saw
vladtheimpalerofyourmom
8:41 Feudal Age
12:44 Castle Age
11:07 Double-Bit Axe
11:07 Horse Collar
15:23 Wheelbarrow
19:40 Heavy Plow
21:47 Bow Saw
22:25 Hand Cart
23:16 Gold Mining
23:56 Squires
24:20 Gambesons
24:21 Arson
24:40 Padded Archer Armor
24:42 Scale Mail Armor
24:52 Forging
26:04 Iron Casting
25:45 Chain Mail Armor
33:09 Imperial Age
33:15 Capped Ram
34:27 Plate Mail Armor
34:59 Blast Furnace
34:03 Bagains
34:23 Conscription
34:37 Crop Rotation
33:55 Town Watch
34:09 Pikeman
34:42 Siege Ram
35:21 Halberdier
Connection lost

Rejoining the realm…

Still unreachable

The connection could not be restored.

Session expired

The server has moved on; the page needs a fresh start.